 Dungeon Crawl Stone Soup version 0.29.1-12-g30fa7ad0bf (webtiles) character file.

Game seed: 13906560123187240015

58 H0rd4k the Charlatan (level 4, -8/29 HPs)
             Began as an Octopode Artificer on Dec 19, 2022.
             Was an Initiate of Gozag.
             Mangled by an iguana (15 damage)
             ... on level 3 of the Dungeon.
             The game lasted 00:01:52 (2824 turns).

H0rd4k the Charlatan (Octopode Artificer)           Turns: 2824, Time: 00:01:53

Health: -8/29      AC:  1    Str: 11    XL:     4   Next: 2%
Magic:  6/6        EV: 13    Int: 15    God:    Gozag
Gold:   159        SH:  0    Dex: 12    Spells: 4/6 levels left

rFire   . . .      SeeInvis .     - Unarmed
rCold   . . .      Faith    .   (no shield)
rNeg    . . .      Spirit   .   (helmet restricted)
rPois   .          Reflect  .   (no amulet)
rElec   .          Harm     .   (no ring)
rCorr   .          Rampage  .   (no ring)
Will    .....                   (no ring)
Stlth   +++.......              (no ring)
HPRegen 0.09/turn               (no ring)
MPRegen 0.10/turn               (no ring)
                                (no ring)
                                (no ring)

@: no status effects
A: almost no armour, amphibious, 8 rings, camouflage 1, gelatinous body 1,
(nimble swimmer 1), tentacles
a: Renounce Religion, Potion Petition, Call Merchant, Bribe Branch


You were on level 3 of the Dungeon.
You worshipped Gozag.
Gozag was aware of your devotion.
You visited 1 branch of the dungeon, and saw 3 of its levels.

You collected 192 gold pieces.
You paid 33 gold pieces to Gozag.

Inventory:

Missiles
 h - 8 poisoned darts
Jewellery
 g - the ring "Wokoph" {+Blink rF+++ Will+ Int+3 Dex-4}
   (You found it on level 2 of the Dungeon)

   [ring of willpower]

   Int:       It affects your intelligence (+3).
   Dex:       It affects your dexterity (-4).
   rF:        It renders you almost immune to fire.
   +Blink:    It lets you blink.
   Will:      It increases your willpower.
Wands
 b - a wand of flame (10) (quivered)
 c - a wand of charming (10)
 d - a wand of iceblast (4)
Scrolls
 a - 2 scrolls of identify {unknown}
 i - a scroll of immolation {unknown}
 j - 2 scrolls of teleportation {unknown}
 k - a scroll of poison {unknown}
Potions
 e - a potion of curing {unknown}
 f - a potion of brilliance {unknown}
 l - 2 potions of mutation {unknown}


   Skills:
 * Level 2.1 Fighting
 - Level 2.3 Dodging
 - Level 1.3 Stealth
 + Level 1.2 Unarmed Combat
 * Level 1.5 Spellcasting
 * Level 1.5 Poison Magic
 - Level 3.2 Evocations


You had 4 spell levels left.
You knew the following spells:

 Your Spells              Type           Power      Damage    Failure   Level
a - Poisonous Vapours     Pois/Air       6%         N/A       26%         2

Your spell library contained the following spells:

 Spells                   Type           Power      Damage    Failure   Level
 Corpse Rot               Necr/Pois/Air  Unusable   N/A       N/A         4

Dungeon Overview and Level Annotations

Branches:
Dungeon (3/15)

Altars:
Gozag

Annotations:
D:1 exclusion: downstairs
D:2 1 runed translucent door, exclusion: door, Crazy Yiuf


Innate Abilities, Weirdness & Mutations

You cannot wear most types of armour.
You are amphibious.
You can wear up to eight rings at the same time.
Your skin changes colour to match your surroundings (Stealth+).
Your rubbery body absorbs attacks. (AC +1, EV +1)
((You are camouflaged when in or above water. (Stealth+)))
You have tentacles for arms and can constrict up to eight enemies at once.


Message History

Unknown command.
You don't have any such object.
Evoke which item? (* to show all) (? for menu, Esc to quit)
Okay, then.
You don't have any such object.
Evoke which item? (* to show all) (? for menu, Esc to quit)
Okay, then.
You don't have any such object.
Evoke which item? (* to show all) (? for menu, Esc to quit)
Okay, then.
Aiming: Throw Flame
Press: ? - help, Shift-Dir - straight line, f/p - iguana
Aim: an iguana (moderately wounded, 75% to hit)
The puff of flame hits the iguana but does no damage.
The iguana is moderately wounded.
The iguana bites you!
Unknown command.
Aiming: Throw Flame
Press: ? - help, Shift-Dir - straight line, f/p - iguana
Aim: an iguana (moderately wounded, 75% to hit)
The puff of flame hits the iguana.
The iguana is heavily wounded.
The iguana bites you.
* * * LOW HITPOINT WARNING * * *
Aiming: Throw Flame
Press: ? - help, Shift-Dir - straight line, f/p - iguana
Aim: an iguana (heavily wounded, 75% to hit)
The puff of flame hits the iguana.
The iguana is severely wounded.
The iguana closely misses you.
Unknown command.
Aiming: Throw Flame
Press: ? - help, Shift-Dir - straight line, f/p - iguana
Aim: an iguana (severely wounded, 75% to hit)
The puff of flame hits the iguana but does no damage.
The iguana is severely wounded.
The iguana bites you!
Ouch! That really hurt!
You die...
Your body crumbles into a pile of gold.

.................... ....
..##...............# #.....
#.##.......>.......# .......
..<............>...###.....#
#.##...............#......#
#.##...............#.##...#..
#.##........................
.....#...........#...#..##..
.....#########..@l.##...#
.....# ########..##
.....################..######
.............................
....###############....######
....# .......# #####
#.......# #.......# #########


You could see an iguana.

Vanquished Creatures
  2 worms
  2 dart slugs (D:2)
  An orc (D:2)
  3 bats
  An endoplasm (D:3)
  6 giant cockroaches
  3 goblins (D:1)
  2 hobgoblins (D:2)
  4 jackals (D:1)
  3 quokkas
  4 ball pythons
  A frilled lizard (D:2)
  2 kobolds (D:2)
  5 rats (D:1)
39 creatures vanquished.

Vanquished Creatures (collateral kills)
  An orc (D:2)
  A frilled lizard (D:3)
  A goblin (D:2)
  A kobold (D:3)
4 creatures vanquished.

Vanquished Creatures (others)
  An orc (D:2)
  2 demonic plants (D:1)
  5 plants (D:1)
8 creatures vanquished.

Grand Total: 51 creatures vanquished

Notes
Turn   | Place    | Note
-------+----------+-------------------------------------------
     0 | D:1      | H0rd4k the Octopode Artificer began the quest for the Orb.
     0 | D:1      | Reached XP level 1. HP: 13/13 MP: 1/1
   470 | D:1      | Reached XP level 2. HP: 16/18 MP: 3/3
   589 | D:1      | Learned a level 2 spell: Poisonous Vapours
   807 | D:1      | Reached skill level 1 in Spellcasting
   821 | D:1      | Found a faded altar of an unknown god.
  1242 | D:1      | Reached XP level 3. HP: 24/24 MP: 4/4
  1430 | D:2      | Reached skill level 1 in Poison Magic
  1540 | D:2      | Identified the ring "Wokoph" {+Blink rF+++ Will+ Int+3
                  | Dex-4}
  1576 | D:2      | Found an opulent altar of Gozag.
  1611 | D:2      | Became a worshipper of Gozag Ym Sagoz the Greedy
  1730 | D:2      | Reached skill level 1 in Unarmed Combat
  2368 | D:2      | Found a runed translucent door.
  2369 | D:2      | Noticed Crazy Yiuf
  2414 | D:3      | Reached XP level 4. HP: 17/29 MP: 6/6
  2824 | D:3      | Mangled by an iguana

Illustrated notes

Levels and vault maps discovered:
D:1:      nzn_arrival_depleted_hourglass, layout_basic,
          shapermc_ecumenical_altar_gd, amcnicky_mini_corridor_feature
D:2:      layout_rooms, basic_altar, uniq_crazy_yiuf_cottage
D:3:      layout_rooms, serial_shops, nicolae_shop_advertising_works
          [nicolae_subvault_shop_adworks], shop, nicolae_shop_waterfront,
          nicolae_shop_waterfront, nicolae_shop_statue_plus

Skill      XL: |  1  2  3 |
---------------+----------+-----
Spellcasting   | 1 |  1.5
Poison Magic   | 1 |  1.5
Unarmed Combat | 1 |  1.2
Fighting       | 2 |  2.1
Dodging        | |  2.3
Stealth        | |  1.3
Evocations     | |  3.2

Action                   |  1- 3 |  4- 6 || total
-------------------------+-------+-------++-------
Melee: Unarmed           |    99 |     4 ||   103
       Constrict         |    33 |     1 ||    34
       Tentacles         |    28 |       ||    28
       Punch             |     2 |       ||     2
Evoke: Wand              |     4 |     7 ||    11
 Stab: Sleeping          |    10 |     1 ||    11
Armor: Skin              |    10 |       ||    10
Dodge: Dodged            |    69 |     3 ||    72
